AoeStats
← 钓鱼佬

Lombardia

507217214Analyzed
4v4 RM · 14d ago on Sep 17, 2026· 46m 34s· 8 players
Game mode
Random Map
Map size
Large (8 player)
Population
200
Speed
Normal
Resources
Standard
Victory
Conquest
Starting age
Dark Age
Ending age
Imperial Age
RankedLock teamsTeams togetherTeam positionsShared explorationLock speedFull tech treeHidden civsTurbo modeCheats
Victory
Defeat
🇨🇳 Magyars · China
1599
+11
🇦🇷 Japanese · Argentina
1480
+16
🇹🇼 Persians · Taiwan
1467
+16
🇨🇳 Huns · China
1440
+18
🇨🇳 Jurchens · China
1586
-19
🇦🇺 Hindustanis · Australia
1525
-17
🇨🇳 Koreans · China
1413
-13
🇭🇰 Italians · Hong Kong SAR China
1398
-12
seabed
10:26 Feudal Age
9:49 Loom
14:41 Castle Age
14:01 Fletching
17:41 Bodkin Arrow
30:07 Horse Collar
30:23 Double-Bit Axe
31:26 Ballistics
31:50 Husbandry
32:05 Bloodlines
34:12 Thumb Ring
35:29 Wheelbarrow
35:11 Bow Saw
36:52 Hand Cart
36:49 Padded Archer Armor
39:56 Imperial Age
38:51 Heavy Plow
39:29 Gold Mining
40:39 Bracer
41:52 Chemistry
40:29 Heavy Cavalry Archer
41:43 Leather Archer Armor
41:56 Parthian Tactics
42:35 Gold Shaft Mining
42:27 Capped Ram
43:02 Light Cavalry
43:49 Scale Barding Armor
43:49 Siege Ram
45:36 Chain Barding Armor
45:27 Forging
詠詩詩詩
6:59 Loom
9:45 Feudal Age
13:54 Fletching
15:46 Horse Collar
21:54 Castle Age
22:32 Bodkin Arrow
21:58 Crossbowman
29:03 Double-Bit Axe
38:13 Bow Saw
38:27 Stone Mining
39:33 Wheelbarrow
38:46 Town Watch
43:24 Imperial Age
41:05 Scale Mail Armor
41:16 Forging
41:25 Gold Mining
41:10 Pikeman
41:51 Squires
42:12 Chain Mail Armor
42:44 Gold Shaft Mining
42:40 Yasama
43:33 Iron Casting
43:28 Hand Cart
43:04 Elite Skirmisher
43:48 Padded Archer Armor
44:01 Guard Tower
44:31 Bracer
45:37 Chemistry
44:25 Pikeman
45:22 Leather Archer Armor
46:09 Blast Furnace
45:40 Plate Mail Armor
45:51 Ballistics
46:36 Two-Man Saw
45:39 Heavy Plow
45:26 Halberdier
46:29 Caravan
精锐 N B
10:10 Feudal Age
15:40 Castle Age
13:58 Double-Bit Axe
17:10 Bow Saw
21:31 Wheelbarrow
22:00 Horse Collar
24:31 Fletching
28:03 Bloodlines
29:04 Hand Cart
30:24 Gold Mining
33:09 Imperial Age
31:14 Bloodlines
31:09 Husbandry
31:08 Bodkin Arrow
31:42 Padded Archer Armor
32:18 Thumb Ring
33:04 Ballistics
33:40 Leather Archer Armor
33:53 Bracer
33:15 Heavy Cavalry Archer
34:20 Parthian Tactics
34:57 Chemistry
34:37 Conscription
34:18 Corvinian Army
34:51 Conscription
35:36 Ring Archer Armor
34:52 Treadmill Crane
35:23 Masonry
35:03 Town Watch
36:17 Corvinian Army
36:18 Recurve Bow
37:02 Town Patrol
36:47 Loom
36:57 Treadmill Crane
37:23 Corvinian Army
37:33 Elite Magyar Huszar
42:44 Hoardings
42:16 Siege Engineers
43:28 Stone Mining
46:10 Scale Barding Armor
嘎人
10:43 Feudal Age
14:42 Castle Age
12:54 Double-Bit Axe
12:51 Horse Collar
15:32 Bow Saw
15:30 Heavy Plow
21:37 Wheelbarrow
21:46 Gold Mining
21:46 Stone Mining
23:40 Gold Shaft Mining
23:40 Stone Shaft Mining
23:38 Loom
24:52 Fletching
25:38 Bodkin Arrow
28:08 Hand Cart
32:01 Imperial Age
30:10 Stone Shaft Mining
30:00 Scale Barding Armor
30:06 Forging
30:05 Husbandry
30:15 Bloodlines
30:39 Forging
30:41 Bloodlines
31:20 Chain Barding Armor
31:09 Town Watch
32:52 Iron Casting
31:44 Elite War Elephant
33:19 Plate Barding Armor
33:07 Conscription
33:30 Crop Rotation
33:44 Iron Casting
34:37 Guilds
35:55 Two-Man Saw
36:21 Blast Furnace
36:12 Masonry
36:49 Caravan
37:22 Coinage
38:37 Architecture
39:47 Banking
42:10 Murder Holes
42:36 Ballistics
43:17 Chemistry
43:08 Devotion
Noob ai
6:24 Loom
8:28 Feudal Age
9:21 Double-Bit Axe
9:26 Horse Collar
16:46 Wheelbarrow
19:15 Castle Age
18:02 Scale Barding Armor
18:54 Bloodlines
20:06 Forging
20:26 Bow Saw
19:40 Light Cavalry
20:53 Husbandry
21:21 Chain Barding Armor
33:51 Imperial Age
31:36 Husbandry
32:00 Hand Cart
31:57 Gold Mining
31:57 Stone Mining
32:59 Iron Casting
33:39 Scale Mail Armor
34:04 Squires
34:42 Chain Mail Armor
35:07 Gold Shaft Mining
34:54 Conscription
35:36 Plate Barding Armor
34:44 Heavy Camel Rider
36:44 Heavy Plow
38:30 Imperial Camel Rider
42:55 Blast Furnace
45:16 Fletching
45:13 Town Watch
钓鱼佬
6:54 Loom
9:42 Feudal Age
10:22 Double-Bit Axe
10:22 Horse Collar
18:22 Scale Barding Armor
19:04 Forging
19:37 Bloodlines
22:38 Castle Age
22:46 Light Cavalry
23:27 Husbandry
24:04 Chain Barding Armor
25:32 Iron Casting
30:37 Wheelbarrow
30:25 Bow Saw
32:01 Hand Cart
31:39 Stone Mining
31:46 Gold Mining
32:07 Town Watch
37:46 Imperial Age
38:09 Elite Fire Lancer
38:53 Scale Mail Armor
39:55 Blast Furnace
39:51 Chain Mail Armor
执者如旗
5:22 Loom
11:36 Feudal Age
16:32 Castle Age
21:35 Fletching
23:05 Double-Bit Axe
25:30 Wheelbarrow
25:46 Bow Saw
26:15 Bodkin Arrow
27:56 Hand Cart
29:00 Town Watch
31:06 Gold Mining
30:59 Horse Collar
35:48 Imperial Age
33:44 Gambesons
34:01 Scale Mail Armor
34:11 Forging
34:04 Squires
35:01 Gold Shaft Mining
35:08 Chain Mail Armor
35:13 Heavy Plow
36:06 Iron Casting
37:08 Plate Mail Armor
36:01 Elite Fire Lancer
37:06 Conscription
40:46 Pikeman
41:57 Halberdier
45:15 Two-Man Saw
木姜子
4:53 Loom
10:41 Feudal Age
17:47 Castle Age
16:14 Double-Bit Axe
17:16 Horse Collar
19:21 Bow Saw
20:27 Stone Mining
21:21 Heavy Plow
25:35 Gold Mining
27:25 Stone Shaft Mining
31:32 Imperial Age
30:47 Wheelbarrow
31:12 Fletching
31:22 Padded Archer Armor
31:50 Hand Cart
31:53 Bodkin Arrow
33:04 Crop Rotation
33:48 Two-Man Saw
34:33 Chemistry
33:57 Conscription
33:59 Elite Genoese Crossbowman
35:02 Leather Archer Armor
35:43 Bracer
36:14 Ring Archer Armor
38:45 Treadmill Crane
39:45 Ballistics
Connection lost

Rejoining the realm…

Still unreachable

The connection could not be restored.

Session expired

The server has moved on; the page needs a fresh start.